 Dungeon Crawl Stone Soup version 0.30-a0-4-ga7cffc901d (webtiles) character file.

Game seed: 87119253058505173

46 Setbun the Sneak (level 3, -4/21 HPs)
             Began as a Kobold Brigand on Aug 20, 2022.
             Slain by a goblin
             ... wielding a +0 club
             ... led by Robin
              (5 damage)
             ... on level 2 of the Dungeon.
             The game lasted 00:01:09 (1480 turns).

Setbun the Sneak (Kobold Brigand)                   Turns: 1480, Time: 00:01:10

Health: -4/21      AC:  3    Str:  8    XL:     3   Next: 92%
Magic:  12/12      EV: 14    Int: 12    God:
Gold:   123        SH:  0    Dex: 18    Spells: 2/2 levels left

rFire   . . .      SeeInvis .    a - +2 dagger
rCold   . . .      Faith    .    (no shield)
rNeg    . . .      Spirit   .    b - +0 robe
rPois   .          Reflect  .    (no helmet)
rElec   .          Harm     .    c - +0 cloak
rCorr   .          Rampage  .    (no gloves)
Will    .....                    (no boots)
Stlth   ++++......               (no amulet)
HPRegen 0.07/turn                i - ring of magical power
MPRegen 0.13/turn                (no ring)

@: no status effects
A: small, no large weapons, nightstalker 3
a: no special abilities


You were on level 2 of the Dungeon.
You visited 1 branch of the dungeon, and saw 2 of its levels.

You collected 123 gold pieces.

Inventory:

Hand Weapons
 a - a +2 dagger (weapon)
Missiles
 d - 9 poisoned darts (quivered)
 e - 9 curare-tipped darts
 q - 5 atropa-tipped darts
Armour
 b - a +0 robe (worn)
 c - a +0 cloak (worn)
Jewellery
 i - a ring of magical power (left hand)
Scrolls
 h - a scroll of amnesia {unknown}
 j - a scroll of fog {unknown}
 l - 2 scrolls of identify {unknown}
 n - a scroll of enchant weapon {unknown}
 o - a scroll of immolation {unknown}
 r - a scroll of magic mapping {unknown}
 t - a scroll of noise {unknown}
Potions
 f - a potion of curing {unknown}
 g - a potion of heal wounds {unknown}
 k - a potion of brilliance {unknown}
 m - a potion of ambrosia {unknown}
 p - a potion of resistance {unknown}
 s - a potion of flight {unknown}


   Skills:
 - Level 2.1 Fighting
 + Level 5.2 Short Blades
 - Level 2.1 Throwing
 - Level 1.2 Dodging
 - Level 5.3 Stealth


You had 2 spell levels left.
You didn't know any spells.
Your spell library contained the following spells:

 Spells                   Type           Power      Damage    Failure   Level
 Scorch                   Fire           0%         2d5       45%         2
 Flame Wave               Conj/Fire      0%         2d4       97%         4
 Summon Cactus Giant      Summ           0%         N/A       100%        6


Dungeon Overview and Level Annotations

Branches:
Dungeon (2/15)

Altars:

Annotations:
D:2 Robin


Innate Abilities, Weirdness & Mutations

You are small and have problems with some larger weapons.
You are completely attuned to the shadows.


Message History

The hobgoblin barely misses you.
You barely miss the hobgoblin.
The hobgoblin is severely wounded.
You hit the hobgoblin but do no damage.
The hobgoblin is severely wounded.
The hobgoblin closely misses you.
Unknown command.
You barely miss the hobgoblin.
The hobgoblin is severely wounded.
The hobgoblin misses you.
A goblin comes into view. It is wielding a +0 dagger.
Robin throws the goblin at you!
You hit the hobgoblin.
You kill the hobgoblin!
A hobgoblin comes into view.
The goblin hits you with a +0 dagger.
You hit the goblin.
The goblin is severely wounded.
You hit the goblin.
You kill the goblin!
The goblin misses you.
You hit the frilled lizard.
You kill the frilled lizard!
Robin flexes a bicep menacingly.
The goblin hits you with a +0 dagger.
You hit the goblin.
You kill the goblin!
The goblin closely misses you.
The goblin hits you but does no damage. x2
There is an open door, spattered with blood here.
Items here: ))) †.
You hit the goblin but do no damage. The goblin misses you.
The goblin barely misses you. x2; The goblin hits you with a +0 club.
Robin hits you from afar with a +0 spear.
You hit the goblin.
The goblin is heavily wounded.
The goblin hits you with a +0 club.
* * * LOW HITPOINT WARNING * * *
A hobgoblin comes into view.
The goblin misses you. The goblin hits you with a +0 club.
You die... ###.##.# ### #.# # #.# # ##.###.# ###.# ....g...####...##.# ..... ...g....'.......#.# ###. .....g...####...>..## # #...g...# #..##...# # #gggg.#

#>##....# . ##ggg##
#.##....# ##@##
#.##.#.## ###g#
#......# #...#
####.### #...## #.#
###....### #.#
...).....########.#
..................#
.........##########
...#..####


You could see Robin, 2 hobgoblins and 7 goblins.

Vanquished Creatures
  An adder (D:2)
  3 worms (D:2)
  2 ball pythons (D:1)
  An endoplasm (D:1)
  3 hobgoblins
  2 quokkas
  3 frilled lizards
  6 goblins
  2 kobolds (D:1)
  5 rats (D:1)
28 creatures vanquished.

Notes
Turn   | Place    | Note
-------+----------+-------------------------------------------
     0 | D:1      | Setbun the Kobold Brigand began the quest for the Orb.
     0 | D:1      | Reached XP level 1. HP: 12/12 MP: 1/1
   243 | D:1      | Reached XP level 2. HP: 17/17 MP: 2/2
   896 | D:2      | Reached XP level 3. HP: 9/21 MP: 3/3
  1314 | D:2      | Reached skill level 5 in Short Blades
  1464 | D:2      | Noticed Robin
  1480 | D:2      | HP: 1/21 [goblin/+0 club[Robin] (6)]
  1480 | D:2      | Slain by a goblin

Illustrated notes

Levels and vault maps discovered:
D:1:      minmay_arrival_three_doors, layout_loops_ring
D:2:      layout_loops_corners, kennysheep_generic_room_16,
          uniq_crazy_yiuf_cottage, uniq_robin

Skill      XL: |  1  2  3 |
---------------+----------+-----
Short Blades   | 3 4 5 |  5.2
Fighting       | |  2.1
Throwing       | |  2.1
Dodging        | |  1.2
Stealth        | |  5.3

Action                   || total
-------------------------++-------
Melee: Dagger            ||    55
 Stab: Sleeping          ||    18
Armor: Robe              ||     5
Dodge: Dodged            ||    21

Table legend: (Time is in decaauts)
 A = Elapsed time spent in this place.
 B = Non-inter-level travel time spent in this place.
 C = Inter-level travel time spent in this place.
 D = Time resting spent in this place.
 E = Time spent auto-exploring this place.
 F = Levels seen in this place.
 G = Mean time per level.
                   A        B        C        D        E       F      G
               +--------+--------+--------+--------+--------+-----+--------+
         Total |   1467 |   1453 |     14 |    171 |   1128 |   2 |  733.5 |
       Dungeon |   1467 |   1453 |     14 |    171 |   1128 |   2 |  733.5 |
               +--------+--------+--------+--------+--------+-----+--------+

Top non-repeatable levels by time:
     D:1: 869 daAuts
     D:2: 598 daAuts
